 Dungeon Crawl Stone Soup version 0.30-a0-912-ge10d75a369 (webtiles) character file.

Game seed: 9572757535959391277

4802 Grim the Purveyor of Pain (level 10, 0/57 (58) HPs)
             Began as a Deep Elf Necromancer on Mar 19, 2023.
             Was an Initiate of Kikubaaqudgha.
             Slain by an unseen horror zombie (2 damage)
             ... on level 9 of the Dungeon.
             The game lasted 00:41:32 (11899 turns).

Grim the Purveyor of Pain (Deep Elf Necromancer)   Turns: 11899, Time: 00:41:33

HP:   0/57 (58)     AC: 12    Str:  7    XL:     10   Next: 24%
MP:   6/16          EV: 15    Int: 25    God:    Kikubaaqudgha [......]
Gold: 335           SH:  0    Dex: 15    Spells: 0/15 levels left

rFire   . . .      SeeInvis +    e - +2 dagger (pain)
rCold   . . .      Faith    +    (no shield)
rNeg    . . .      Spirit   .    J - +1 robe of the Villain {Str+2}
rPois   +          Reflect  .    t - +2 hat
rElec   .          Rampage  .    C - +1 cloak {rPois}
rCorr   .                        (no gloves)
Will    +....                    L - +0 pair of boots
Stlth   +++                      i - amulet of faith
HPRegen 0.29/turn                y - +4 ring of protection
MPRegen 0.15/turn                F - ring of see invisible

@: animating dead, hasted, lightly drained, very quick
A: no striking features
a: Renounce Religion


You were on level 9 of the Dungeon.
You worshipped Kikubaaqudgha.
Kikubaaqudgha was noncommittal.
You visited 2 branches of the dungeon, and saw 10 of its levels.

You collected 580 gold pieces.
You spent 245 gold pieces at shops.

Inventory:

Hand Weapons
 e - a +2 dagger of pain (weapon)
 s - a +0 quarterstaff
Missiles
 I - a curare-tipped dart
Armour
 t - a +2 hat (worn)
 C - a +1 cloak of poison resistance (worn)
 J - the +1 robe of the Villain (worn) {Str+2}
   (You found it on level 7 of the Dungeon)

   Str:       It affects your strength (+2).
 L - a +0 pair of boots (worn)
Jewellery
 i - an amulet of faith (around neck)
 x - a ring of fire
 y - a +4 ring of protection (left hand)
 F - a ring of see invisible (right hand)
 H - a ring of fire
 K - a ring of willpower
Wands
 r - a wand of polymorph (20)
 A - a wand of roots (10)
 E - a wand of charming (6)
Scrolls
 c - 2 scrolls of blinking
 d - a scroll of amnesia {unknown}
 f - 3 scrolls of vulnerability {unknown}
 g - a scroll of magic mapping {unknown}
 j - a scroll of fear {unknown}
 n - a scroll of torment {unknown}
 o - 3 scrolls of brand weapon {unknown}
 u - a scroll of immolation {unknown}
 G - a scroll of noise {unknown}
Potions
 a - 2 potions of attraction
 b - a potion of magic
 k - 5 potions of mutation {!q}
 m - a potion of invisibility {unknown}
 p - a potion of resistance {unknown}
 q - a potion of flight {unknown}
 v - 2 potions of degeneration {!q}
 B - a potion of cancellation {unknown}
 D - a potion of might {unknown}
Miscellaneous
 l - a lightning rod (2/4)


   Skills:
 * Level 4.5 Fighting
 - Level 4.2 Short Blades
 + Level 6.8 Dodging
 - Level 3.8 Stealth
 - Level 3.0 Spellcasting
 + Level 12.1 Necromancy
 - Level 8.0 Evocations


You couldn't memorise any spells.
You knew the following spells:

 Your Spells              Type           Power      Damage    Failure   Level
a - Necrotise             Necr           100%       1d9       1%          1
b - Animate Dead          Necr           59%        N/A       1%          4
c - Agony                 Necr           59%        N/A       1%          5
d - Vampiric Draining     Necr           59%        2d10      1%          3
e - Sublimation of Blood  Necr           59%        N/A       1%          2

Your spell library contained the following spells:

 Spells                   Type           Power      Damage    Failure   Level
 Kiss of Death            Conj/Necr      100%       2d13      1%          1
 Gell's Gravitas          Tloc           3%         N/A       30%         3
 Teleport Other           Tloc           3%         N/A       30%         3
 Summon Lightning Spire   Summ/Air       3%         N/A       69%         4
 Yara's Violent Unravell  Hex/Tmut       1%         3d3       95%         5
 Dispersal                Tloc           1%         N/A       100%        6
 Enfeeble                 Hex            1%         N/A       100%        7
 Storm Form               Tmut/Air       1%         N/A       100%        7
 Maxwell's Capacitive Co  Air            1%         ∞         100%        8


Dungeon Overview and Level Annotations

Branches:
Dungeon (9/15)             Temple (1/1) D:5             Orc (0/2) D:9
   Lair: D:8-11

Altars:
Ashenzari
Cheibriados
Dithmenos
Elyvilon
Fedhas
Gozag
Hepliaklqana
Kikubaaqudgha
Makhleb
Nemelex Xobeh
Okawaru
Qazlal
Ru
Sif Muna
Trog
Uskayaw
Wu Jian
Xom
Yredelemnul
Zin
The Shining One

Shops:
D:2 !   D:6 =   D:9 ?

Annotations:
D:3 Jessica, Sigmund
D:7 3 runed translucent doors, flt's ghost, novice DjSu


Message History

The unseen horror skeleton hits your boulder beetle zombie but does no damage.
Your boulder beetle zombie barely misses the spectral killer bee.
You hit the unseen horror zombie.
The unseen horror zombie is moderately damaged.
The unseen horror zombie hits you but does no damage.
The unseen horror skeleton hits your boulder beetle zombie but does no damage.
The spectral killer bee hits your boulder beetle zombie but does no damage.
The unseen horror zombie closely misses you.
Unknown command.
You hit the unseen horror zombie but do no damage.
The unseen horror zombie is moderately damaged.
The unseen horror skeleton hits your boulder beetle zombie but does no damage.
The unseen horror zombie barely misses you.
The spectral killer bee completely misses your boulder beetle zombie.
The unseen horror skeleton hits your boulder beetle zombie but does no damage.
Your boulder beetle zombie closely misses the spectral killer bee.
Casting: Animate Dead (dangerous; 1% risk of failure)
Confirm with . or Enter, or press ? or * to list all spells.
You dismiss your zombies and call upon the dead to rise afresh.
Your boulder beetle zombie crumbles into dust!
The unseen horror zombie hits you but does no damage.
The unseen horror zombie closely misses you.
Unknown command.
You hit the unseen horror zombie but do no damage.
The unseen horror zombie is moderately damaged.
The unseen horror skeleton misses you. The unseen horror zombie misses you.
The unseen horror skeleton barely misses you.
Unknown command.
The unseen horror zombie barely misses you.
The unseen horror zombie hits you.
* * * LOW HITPOINT WARNING * * *
The unseen horror skeleton completely misses you.
The unseen horror zombie closely misses you.
The unseen horror skeleton closely misses you.
The unseen horror skeleton attacks as you move away!
The unseen horror skeleton hits you.
* * * LOW HITPOINT WARNING * * *
The unseen horror zombie hits you.
You die...
Kikubaaqudgha rasps: "You have failed me!
Welcome... death!"

#.... #........'###....#..#
#... #........'?(#....#..# #..#
######..#$!#...[#..# #..##
#....Z.#####..).#..# ....#
#.....##...#....#..# ....#
#...Z.##...#....#..# h...#
#....Z##...#....#..#
§..#########...ZZ##...'....#..#
#..##.....##....@##...#....#..#
#................##...#....#..#
......................#....#..#
.....................))....#..#
#######...##.....##..>#)...#..#
##...##.....##...#....#..#
.....#.>...#.....#....#....#..#
.....#.....'.....'....#....#..#
.....#.....#.....#....#....#..#


You could see a spectral killer bee, an unseen horror zombie, a howler monkey
zombie and 2 unseen horror skeletons.

Vanquished Creatures
  A boulder beetle (D:9)
  A deep elf pyromancer (D:8)
  A kobold demonologist (D:9)
  A tengu conjurer (D:8)
  A troll (D:9)
  2 vampires (D:9)
  5 yaks
  2 steam dragons
  Menkaure (D:5)
  A warg (D:8)
  Edmund (D:5)
  An acid dragon (D:8)
  3 black bears
  An ice beast (D:5)
  A centaur (D:9)
  An ogre (D:4)
  2 kobold brigands
  4 bullfrogs
  2 gnoll sergeants
  2 scorpions
  8 wights
  Crazy Yiuf (D:5)
  3 gnoll boudas
  5 orc priests
  A jelly (D:8)
  4 iguanas
  Terence (D:3)
  2 orc wizards
  Natasha (D:3)
  Robin (D:1)
  18 gnolls
  9 adders
  A shadow imp (D:8)
  3 ufetubi
  2 worms (D:2)
  5 dart slugs
  25 orcs
  5 bats
  10 endoplasms
  2 giant cockroaches
  A gnoll zombie (D:9)
  6 hobgoblins
  6 jackals
  7 quokkas
  9 ball pythons
  2 frilled lizards
  18 goblins
  17 kobolds
  3 rats (D:1)
210 creatures vanquished.

Vanquished Creatures (collateral kills)
  A yak (D:8)
  An orc warrior (D:8)
  2 wights (D:8)
  2 orc priests (D:8)
  5 gnolls
  An adder (D:4)
  2 worms
  2 orcs (D:8)
  A ball python (D:1)
17 creatures vanquished.

Vanquished Creatures (others)
  A wizard (D:7)
  A slime creature (D:8)
  A basilisk (D:9)
  An acid dragon (D:7)
  A black bear (D:8)
  A kobold brigand (D:7)
  A wight (D:7)
  A yak zombie (D:9)
  A black bear zombie (D:8)
  An orc wizard (D:9)
  A worm (D:9)
  An endoplasm (D:7)
  9 gnoll zombies
  2 kobolds
  2 kobold zombies
  4 orc zombies
  7 plants (D:2)
36 creatures vanquished.

Grand Total: 263 creatures vanquished

Notes
Turn   | Place    | Note
-------+----------+-------------------------------------------
     0 | D:1      | Grim the Deep Elf Necromancer began the quest for the Orb.
     0 | D:1      | Reached XP level 1. HP: 10/10 MP: 6/6
    11 | D:1      | Reached skill level 5 in Necromancy
   189 | D:1      | Reached XP level 2. HP: 15/15 MP: 5/8
   423 | D:1      | Reached skill level 6 in Necromancy
   529 | D:1      | Reached XP level 3. HP: 19/19 MP: 9/9
   603 | D:1      | Found a faded altar of an unknown god.
   984 | D:2      | Reached skill level 1 in Short Blades
  1140 | D:2      | Reached XP level 4. HP: 24/24 MP: 8/10
  1641 | D:2      | Noticed Robin
  1754 | D:1      | Killed Robin
  1871 | D:2      | Found Zeryx's Distillery.
  1903 | D:2      | Bought a potion of berserk rage for 50 gold pieces
  1903 | D:2      | Bought a potion of lignification for 30 gold pieces
  2244 | D:3      | Noticed Jessica
  2281 | D:3      | Noticed Sigmund
  2442 | D:3      | Noticed Terence
  2485 | D:3      | Killed Terence
  2486 | D:3      | Reached XP level 5. HP: 28/28 MP: 7/11
  2524 | D:3      | Learned a level 4 spell: Animate Dead
  2530 | D:3      | Learned a level 5 spell: Agony
  2598 | D:3      | Reached skill level 7 in Necromancy
  2935 | D:3      | Noticed Natasha
  2944 | D:3      | Killed Natasha
  3030 | D:4      | Noticed an ogre
  3043 | D:4      | Killed an ogre
  3044 | D:4      | Reached XP level 6. HP: 15/32 MP: 1/12
  3358 | D:4      | Reached skill level 8 in Necromancy
  3850 | D:4      | Reached skill level 1 in Fighting
  3990 | D:4      | Reached XP level 7. HP: 38/38 MP: 13/13
  4052 | D:5      | Entered Level 5 of the Dungeon
  4201 | D:5      | Noticed Edmund
  4208 | D:5      | Noticed Menkaure
  4229 | D:5      | Killed Edmund
  4242 | D:5      | Killed Menkaure
  4467 | D:5      | Reached skill level 9 in Necromancy
  4808 | D:5      | Found a runed translucent door.
  4809 | D:5      | Noticed Crazy Yiuf
  4863 | D:5      | Found a staircase to the Ecumenical Temple.
  4876 | Temple   | Entered the Ecumenical Temple
  5198 | Temple   | Became a worshipper of Kikubaaqudgha
  5427 | D:5      | Reached XP level 8. HP: 42/46 MP: 1/14
  5735 | D:5      | Found a shimmering blue altar of Sif Muna.
  5738 | D:5      | Found a sacrificial altar of Ru.
  5738 | D:5      | Found a sparkling altar of Nemelex Xobeh.
  5751 | D:5      | Found a bloodstained altar of Trog.
  5754 | D:5      | Found a white marble altar of Elyvilon.
  5904 | D:5      | Killed Crazy Yiuf
  6342 | D:6      | Found Xitt's Jewellery Shoppe.
  6351 | D:6      | Bought a ring of see invisible for 165 gold pieces
  6376 | D:6      | Reached skill level 10 in Necromancy
  6684 | D:6      | Reached * piety under Kikubaaqudgha
  6684 | D:6      | Received a gift from Kikubaaqudgha
  6797 | D:6      | Learned a level 3 spell: Vampiric Draining
  7122 | D:7      | Found a runed translucent gate.
  7211 | D:7      | Reached skill level 1 in Evocations
  7458 | D:7      | Identified the +1 robe of the Villain {Str+2}
  7478 | D:7      | Identified the +2 longbow of the Devouring Eel {drain,
                  | +Blink Int+5}
  7685 | D:7      | Found a runed translucent gate.
  7685 | D:7      | Found a runed translucent gate.
  7791 | D:7      | Noticed flt's ghost (novice DjSu)
  8208 | D:8      | Reached XP level 9. HP: 31/52 MP: 10/15
  9057 | D:8      | Reached skill level 11 in Necromancy
  9304 | D:8      | Noticed a tengu conjurer
  9312 | D:8      | Reached skill level 5 in Evocations
  9317 | D:8      | Reached skill level 5 in Dodging
 10009 | D:8      | HP: 2/52 [yak (5)]
 10425 | D:9      | Reached XP level 10. HP: 58/58 MP: 16/16
 10680 | D:9      | Reached skill level 12 in Necromancy
 10891 | D:9      | Found Ugehef Jay's Magic Scroll Shop.
 11571 | D:9      | Found a staircase to the Orcish Mines.
 11809 | D:8      | Learned a level 2 spell: Sublimation of Blood
 11899 | D:9      | HP: 2/57 [unseen horror skeleton (4)]
 11899 | D:9      | Slain by an unseen horror zombie

Illustrated notes

Levels and vault maps discovered:
D:1:      scummos_arrival_forest, layout_basic,
          ebering_ecumenical_altar_sacrificial
D:2:      wad_lake_hut, layout_loops_ring, serial_shops,
          nicolae_shop_statue_plus, guppyfry_early_lair_pool, uniq_robin
D:3:      layout_rooms, corexii_shack, uniq_natasha, uniq_sigmund, uniq_terence,
          uniq_jessica
D:4:      layout_basic, hangedman_minor_gate_pass
D:5:      layout_loops_ring, minmay_overflow_temple_star_hex,
          minmay_temple_entry_stoned_glass, serial_rivers,
          chequers_serial_rivers_micro_b, chequers_serial_rivers_micro_c,
          chequers_serial_rivers_small_3, chequers_serial_rivers_large_a,
          grunt_ministairs_8, uniq_menkaure, uniq_edmund,
          uniq_crazy_yiuf_cottage
D:6:      layout_basic, serial_shops, nicolae_shop_crystal,
          minmay_misc_feat_rugged
D:7:      layout_loops_cross, gammafunk_ghost_necromancy
D:8:      layout_cave_pools
D:9:      layout_gridville, minmay_orc_entry_guard_dogs, serial_shops,
          nicolae_square_shop, hangedman_weighted_door, chequers_mini_garden,
          grunt_decor_cap
Temple:   minmay_temple_bridge_d

Skill      XL: |  1  2  3  4  5  6  7  8  9 10 |
---------------+-------------------------------+-----
Necromancy     | 5 6 7 8 9 10 11 12 | 12.1
Short Blades   | 1 2 3 4 |  4.2
Fighting       | 1 3 4 |  4.5
Stealth        | 3 |  3.8
Evocations     | 3 7 8 |  8.0
Dodging        | 3 6 |  6.8
Spellcasting   | |  3.0

Action                     |  1- 3 |  4- 6 |  7- 9 | 10-12 || total
---------------------------+-------+-------+-------+-------++-------
  Melee: Dagger            |    24 |    45 |   181 |    32 ||   282
         Punch             |     1 |       |     3 |     1 ||     5
   Cast: Necrotise         |    58 |   103 |   156 |    53 ||   370
         Animate Dead      |       |     3 |     5 |     8 ||    16
         Agony             |       |       |     6 |     5 ||    11
         Vampiric Draining |       |       |     3 |     3 ||     6
 Invoke: Unearth Wretches  |       |       |     4 |     3 ||     7
  Evoke: Wand              |       |       |    16 |     2 ||    18
         Lightning rod     |       |       |       |     2 ||     2
    Use: Scroll            |       |     1 |     2 |     8 ||    11
         Potion            |       |     1 |     8 |     4 ||    13
   Stab: Sleeping          |     2 |     8 |     5 |       ||    15
         Paralysed         |       |       |     4 |     4 ||     8
         Distracted        |       |       |     2 |       ||     2
 Armour: Robe              |     6 |     1 |    48 |    88 ||   143
         Animal skin       |       |    12 |    46 |       ||    58
         Skin              |       |     6 |    11 |       ||    17
  Dodge: Dodged            |    29 |    48 |   190 |   143 ||   410

Table legend: (Time is in decaauts)
 A = Elapsed time spent in this place.
 B = Non-inter-level travel time spent in this place.
 C = Inter-level travel time spent in this place.
 D = Time resting spent in this place.
 E = Time spent auto-exploring this place.
 F = Levels seen in this place.
 G = Mean time per level.
                   A        B        C        D        E       F      G
               +--------+--------+--------+--------+--------+-----+--------+
         Total |  11896 |  11277 |    619 |   3860 |   5239 |  10 | 1189.6 |
       Dungeon |  11501 |  11029 |    472 |   3847 |   5024 |   9 | 1277.9 |
        Temple |    394 |    247 |    147 |     13 |    215 |   1 |  394.0 |
               +--------+--------+--------+--------+--------+-----+--------+

Top non-repeatable levels by time:
     D:5: 1620 daAuts
     D:8: 1618 daAuts
     D:6: 1576 daAuts
     D:2: 1488 daAuts
     D:7: 1344 daAuts
     D:9: 1255 daAuts
     D:4: 1067 daAuts
     D:1: 989 daAuts
     D:3: 540 daAuts
  Temple: 394 daAuts
